 Dungeon Crawl Stone Soup version 0.28.0-45-g0d030f2227 (webtiles) character file.

Game seed: 6744308887912336341

30 thiscave3701365 the Chopper (level 3, -3/51 HPs)
             Began as a Hill Orc Berserker on Apr 17, 2022.
             Was a Follower of Trog.
             Slain by a gnoll
             ... wielding a +0 halberd
              (9 damage)
             ... on level 2 of the Dungeon.
             The game lasted 00:00:54 (1364 turns).

thiscave3701365 the Chopper (Hill Orc Berserker)    Turns: 1364, Time: 00:00:55

Health: -3/51      AC:  3    Str: 21    XL:     3   Next: 20%
Magic:  3/3        EV: 12    Int:  7    God:    Trog [*.....]
Gold:   20         SH:  0    Dex: 10    Spells: 2/2 levels left

rFire   . . .      SeeInvis .   a - +0 hand axe
rCold   . . .      Faith    .   (no shield)
rNeg    . . .      Spirit   .   b - +0 animal skin
rPois   .          Reflect  .   (no helmet)
rElec   .          Harm     .   (no cloak)
rCorr   .          Rampage  .   (no gloves)
Will    .....                   h - +0 pair of boots
Stlth   ..........              (no amulet)
HPRegen 0.17/turn               (no ring)
MPRegen 0.08/turn               (no ring)

@: berserking, very quick
A: no striking features
a: Renounce Religion, Berserk


You were on level 2 of the Dungeon.
You worshipped Trog.
Trog was aware of your devotion.
You visited 1 branch of the dungeon, and saw 2 of its levels.

You collected 20 gold pieces.

Inventory:

Hand Weapons
 a - a +0 hand axe (weapon)
Armour
 b - a +0 animal skin (worn)
 h - a +0 pair of boots (worn)
Scrolls
 c - a scroll of fear {unknown}
 d - a scroll of magic mapping {unknown}
 e - a scroll of teleportation {unknown}
 g - a scroll of identify {unknown}
Potions
 f - a potion of curing {unknown}


   Skills:
 + Level 4.4 Fighting
 + Level 4.5 Axes
 + Level 2.4 Armour
 + Level 1.7 Dodging


You had 2 spell levels left.
You didn't know any spells.
Your spell library was empty.

Dungeon Overview and Level Annotations

Branches:
Dungeon (2/15)

Altars:


Message History

You hit the gnoll but do no damage.
A gnoll comes into view. It is wielding a +0 spear.
The gnoll completely misses you.
There are monsters nearby!
You completely miss the gnoll.
The gnoll shouts!
The gnoll drinks a potion.
The gnoll suddenly seems more resistant.
The gnoll hits you with a +0 falchion. The gnoll closely misses you.
There are monsters nearby!
You hit the gnoll.
The gnoll is lightly wounded.
The gnoll hits you from afar with a +0 halberd!
The gnoll hits you with a +0 falchion!
* * * LOW HITPOINT WARNING * * *
There are monsters nearby!
You are too injured to fight recklessly!
There are monsters nearby!
You are too injured to fight recklessly!
There are monsters nearby!
You are too injured to fight recklessly!
You are too injured to fight recklessly!
You are too injured to fight recklessly!
Unknown command.
You are too injured to fight recklessly!
A red film seems to cover your vision as you go berserk!
You feel yourself moving faster!
You feel mighty!
The gnoll hits you from afar with a +0 halberd.
* * * LOW HITPOINT WARNING * * *
The gnoll barely misses you. The gnoll hits you but does no damage.
You barely miss the worm. You slash the goblin!
You kill the goblin!
Trog accepts your kill.
You hit the gnoll. You slash the endoplasm!
You kill the endoplasm!
Trog accepts your kill. The gnoll hits you with a +0 falchion.
* * * LOW HITPOINT WARNING * * *
The gnoll hits you from afar with a +0 halberd!
You die...

#.....# ##
##.....# # ...
##......#.#
.g. '..)...'>
###'###......#
#.....#.g.g..#
#.....#.w....#
#......)@g...#
###....######
#...:# #....#
##..## ##.##
#..# ##.# #.#


You could see a worm and 3 gnolls.

Vanquished Creatures
  An adder (D:2)
  3 ball pythons (D:1)
  2 endoplasms
  5 goblins
  4 hobgoblins (D:1)
  2 quokkas (D:1)
  A bat (D:1)
  A frilled lizard (D:1)
  A rat (D:1)
20 creatures vanquished.

Notes
Turn   | Place    | Note
-------+----------+-------------------------------------------
     0 | D:1      | thiscave3701365 the Hill Orc Berserker began the quest for
                  | the Orb.
     0 | D:1      | Reached XP level 1. HP: 19/19 MP: 1/1
   259 | D:1      | Reached XP level 2. HP: 27/27 MP: 2/2
  1195 | D:2      | Reached XP level 3. HP: 21/34 MP: 3/3
  1364 | D:2      | Slain by a gnoll

Illustrated notes

Levels and vault maps discovered:
D:1:      dpeg_arrival_boxes_within_box, layout_loops_ring,
          nicolae_figureground_sparkle
D:2:      layout_basic, serial_shops,
          nicolae_shop_temple_entry_statues_fountains, minmay_misc_feat_encased

Skill      XL: |  1  2 |
---------------+-------+-----
Fighting       | 4 |  4.4
Axes           | |  4.5
Armour         | |  2.4
Dodging        | |  1.7

Action                   || total
-------------------------++-------
Melee: Hand axe          ||    61
Invok: Berserk           ||     2
 Stab: Sleeping          ||     1
Armor: Animal skin       ||    14
Dodge: Dodged            ||    31
